 Dungeon Sprint DCSS version 0.23.1-37-gaa34b87 (webtiles) character file.

Game seed: 1305836100823121678

5004 Fang the Fighter (level 10, -1/73 HPs)
             Began as a Gargoyle Berserker on Mar 21, 2019.
             Was the Champion of Trog.
             Slain by Sonja
             ... wielding a +0 short sword of distortion
              (3 damage)
             ... in the Dungeon (Sprint IX: "|||||||||||||||||||||||||||||").
             The game lasted 00:02:14 (1300 turns).

Fang the Fighter (Gargoyle Berserker)               Turns: 1300, Time: 00:02:15

Health: -1/73      AC: 21    Str: 24    XL:     10   Next: 54%
Magic:  3/3        EV: 17    Int:  8    God:    Trog [******]
Gold:   0          SH:  0    Dex:  9    Spells: 9/9 levels left

rFire    . . .     SeeInvis .   u - +6 battleaxe "Vafyampa" {antimagic, rElec}
rCold    . . .     Gourm    .   (shield currently unavailable)
rNeg     + . .     Faith    .   p - +1 chain mail
rPois    ∞         Spirit   .   (no helmet)
rElec    +         Reflect  .   (no cloak)
rCorr    .         Harm     .   (no gloves)
MR       .....     NoTele   +   (no boots)
Stlth    ..........             (no amulet)
HPRegen  0.22/turn              o - +2 ring of evasion
MPRegen  0.08/turn              n - +2 ring of evasion

@: berserk cooldown, slowed, very slow
A: negative energy resistance 1, electricity resistance, unbreathing,
petrification resistance, rot immunity, AC +7
a: Berserk, Trog's Hand, Brothers in Arms, Renounce Religion


You were in the Dungeon.
You worshipped Trog.
Trog was exalted by your worship.
You were very hungry.

You visited 1 branch

Inventory:

Hand Weapons
 m - a +1 broad axe of chopping
 t - a +5 antimagic battleaxe
 u - the +6 battleaxe "Vafyampa" (weapon) {antimagic, rElec}
   (Trog gifted it to you in the Dungeon)

   It reduces the magical energy of the wielder, and disrupts the spells and
   magical abilities of those hit.
   Natural abilities and divine invocations are not affected.
   It insulates you from electricity.
Armour
 p - a +1 chain mail (worn)
Jewellery
 n - a +2 ring of evasion (right hand)
 o - a +2 ring of evasion (left hand)
Wands
 l - a wand of acid (10)
Scrolls
 b - a scroll of fear
 i - 3 scrolls of blinking
 k - 3 scrolls of remove curse
 q - 4 scrolls of enchant weapon
 r - 2 scrolls of identify
 s - 2 scrolls of enchant armour
Potions
 d - 8 potions of curing
 e - 7 potions of heal wounds
 f - 2 potions of haste
 g - 4 potions of magic
 h - a potion of berserk rage
 j - a potion of invisibility
Comestibles
 a - 5 chunks of flesh
 c - 12 rations


   Skills:
 + Level 13.5 Fighting
 + Level 11.6 Axes
 + Level 13.3 Armour
 + Level 10.6 Dodging


You had 9 spell levels left.
You didn't know any spells.
Your spell library was empty.

Dungeon Overview and Level Annotations

Branches:
Dungeon (1/1)

Altars:
Cheibriados
Dithmenos
Elyvilon
Fedhas
Gozag
Hepliaklqana
Kikubaaqudgha
Makhleb
Nemelex Xobeh
Okawaru
Qazlal
Ru
Sif Muna
Trog
Uskayaw
Vehumet
Wu Jian
Xom
Yredelemnul
Zin
The Shining One
Beogh
Jiyva
Lugonu

Annotations:
D Sonja


Innate Abilities, Weirdness & Mutations

You are resistant to torment.
Your stone body is resilient. (AC +7)
You are immune to poison.
You resist negative energy. (rN+)
You are resistant to electric shocks. (rElec)
You can survive without breathing.
You are immune to petrification.
You are immune to rotting.


Message History

You feel your anger nearly subside.
You are no longer berserk.
You are exhausted.
You feel yourself slow down.
Sonja mumbles some strange words.
Sonja blinks!
Sonja mumbles some strange words.
Sonja blinks!
Sonja casts a spell.
Sonja blinks!
Sonja casts a spell.
Sonja blinks!
Sonja unwields a +0 blowgun.
Sonja wields a +0 short sword of distortion.
Its appearance distorts for a moment.
Sonja closely misses you. Sonja hits you but does no damage.
Space warps horribly around you!
* * * LOW HITPOINT WARNING * * *
Sonja hits you but does no damage. Space bends around you.
* * * LOW HITPOINT WARNING * * *
Sonja hits you but does no damage. Sonja barely misses you.
Sonja hits you but does no damage. Space bends around you.
You die...

▓▓▓▓▓▓▓▓▓▓▓▓▓▓▓▓▓▓▓▓▓▓▓▓▓▓▓▓▓▓▓
_____________'...).).....)...<▓
▓▓▓▓▓▓▓▓▓▓▓▓▓▓▓▓▓▓▓▓▓▓▓▓▓▓▓▓▓▓▓
..............................▓
▓▓▓▓▓▓▓▓▓▓▓▓▓▓▓▓▓▓▓▓▓▓▓▓▓▓▓▓▓.▓
........(.....[.......'.......▓
▓▓▓▓▓▓▓▓▓▓▓▓▓▓▓▓▓▓▓▓▓▓▓▓▓▓▓▓▓▓▓
........((......@K....(.....
▓▓▓▓▓▓▓▓▓▓▓▓▓▓▓▓▓▓▓▓▓▓▓▓▓▓▓▓


You could see Sonja.

Vanquished Creatures
  A hydra (D)
  2 spiny frogs (D)
  A komodo dragon (D)
  A troll (D)
  A slime creature (D)
  A hippogriff (D)
  A wyvern (D)
  3 yaks (D)
  2 vampire mosquitoes (D)
  A basilisk (D)
  3 water moccasins (D)
  A porcupine (D)
  A black bear (D)
  A centaur (D)
  A wolf (D)
  3 crocodiles (D)
  5 bullfrogs (D)
  2 scorpions (D)
  A crimson imp (D)
  A hound (D)
  A gnoll (D)
  2 leopard geckos (D)
  2 orcs (D)
  A bat zombie (D)
  A goblin (D)
  A hobgoblin (D)
  A kobold (D)
  A ball python (D)
43 creatures vanquished.

Vanquished Creatures (collateral kills)
  A catoblepas (D)
  A rime drake (D)
  A polar bear (D)
  A crocodile (D)
  A bullfrog (D)
5 creatures vanquished.

Grand Total: 48 creatures vanquished

Notes
Turn   | Place    | Note
-------+----------+-------------------------------------------
     0 | D        | Fang the Gargoyle Berserker began the quest for the Orb.
     0 | D        | Reached XP level 1. HP: 14/14 MP: 1/1
     8 | D        | Reached ** piety under Trog
    16 | D        | Reached XP level 2. HP: 11/20 MP: 2/2
   161 | D        | Noticed a scorpion
   161 | D        | Noticed a centaur
   166 | D        | Killed a centaur
   166 | D        | Reached skill level 5 in Fighting
   166 | D        | Reached skill level 5 in Armour
   166 | D        | Reached XP level 3. HP: 27/27 MP: 3/3
   166 | D        | Reached XP level 4. HP: 32/32 MP: 4/4
   168 | D        | Reached *** piety under Trog
   172 | D        | Reached skill level 5 in Axes
   172 | D        | Reached XP level 5. HP: 37/37 MP: 5/5
   231 | D        | Found a roughly hewn altar of Beogh.
   231 | D        | Found a snail-covered altar of Cheibriados.
   231 | D        | Found a shadowy altar of Dithmenos.
   231 | D        | Found a white marble altar of Elyvilon.
   231 | D        | Found a blossoming altar of Fedhas.
   231 | D        | Found an opulent altar of Gozag.
   232 | D        | Found a hazy altar of Hepliaklqana.
   233 | D        | Found a viscous altar of Jiyva.
   234 | D        | Found an ancient bone altar of Kikubaaqudgha.
   235 | D        | Found a corrupted altar of Lugonu.
   236 | D        | Found a burning altar of Makhleb.
   237 | D        | Found a sparkling altar of Nemelex Xobeh.
   238 | D        | Found an iron altar of Okawaru.
   239 | D        | Found a stormy altar of Qazlal.
   240 | D        | Found a sacrificial altar of Ru.
   241 | D        | Found a deep blue altar of Sif Muna.
   242 | D        | Found a bloodstained altar of Trog.
   243 | D        | Found a hide-covered altar of Uskayaw.
   244 | D        | Found a radiant altar of Vehumet.
   245 | D        | Found an ornate altar of the Wu Jian Council.
   246 | D        | Found a shimmering altar of Xom.
   247 | D        | Found a basalt altar of Yredelemnul.
   248 | D        | Found a glowing silver altar of Zin.
   249 | D        | Found a glowing golden altar of the Shining One.
   294 | D        | Noticed a wyvern
   294 | D        | Noticed a black bear
   294 | D        | Noticed a water moccasin
   294 | D        | Noticed a troll
   296 | D        | Reached **** piety under Trog
   303 | D        | Killed a troll
   303 | D        | Reached skill level 5 in Dodging
   303 | D        | Reached XP level 6. HP: 44/44 MP: 6/6
   311 | D        | Killed a water moccasin
   311 | D        | Reached XP level 7. HP: 50/50 MP: 7/7
   322 | D        | Killed a wyvern
   322 | D        | Reached ***** piety under Trog
   356 | D        | Noticed a yak
   356 | D        | Noticed a basilisk
   356 | D        | Noticed a slime creature
   364 | D        | Killed a slime creature
   364 | D        | Reached skill level 10 in Fighting
   364 | D        | Reached XP level 8. HP: 57/57 MP: 8/8
   367 | D        | Received a gift from Trog
   373 | D        | Reached skill level 10 in Armour
   376 | D        | Killed a yak
   544 | D        | Noticed a yak
   544 | D        | Noticed a hippogriff
   552 | D        | Received a gift from Trog
   552 | D        | Noticed a yak
   561 | D        | Killed a hippogriff
   561 | D        | Reached XP level 9. HP: 57/64 MP: 9/9
   572 | D        | Received a gift from Trog
   583 | D        | Reached skill level 10 in Axes
   779 | D        | Noticed a six-headed hydra
   779 | D        | Noticed a komodo dragon
   786 | D        | Noticed a rime drake
   788 | D        | Killed a komodo dragon
   793 | D        | Noticed a catoblepas
   796 | D        | Killed an 11-headed hydra
   798 | D        | Reached XP level 10. HP: 41/72 MP: 3/10
   799 | D        | Received a gift from Trog
   808 | D        | Killed a catoblepas
   808 | D        | Reached skill level 10 in Dodging
   836 | D        | Got a bloodstained battleaxe {god gift}
   837 | D        | Identified the +6 battleaxe "Vafyampa" {antimagic, rElec}
                  | (Trog gifted it to you in the Dungeon)
  1107 | D        | Noticed a spiny frog
  1111 | D        | Killed a spiny frog
  1116 | D        | Received a gift from Trog
  1117 | D        | Noticed a spiny frog
  1122 | D        | Reached ****** piety under Trog
  1128 | D        | Killed a spiny frog
  1276 | D        | Noticed Sonja
  1298 | D        | HP: 2/73 [Sonja/+0 short sword of distortion (4)]
  1300 | D        | Slain by Sonja

Skill      XL: |  1  2  3  4  5  6  7  8  9 10 |
---------------+-------------------------------+-----
Axes           | 3 4 5 6 7 8 9 10 11 | 11.6
Dodging        | 2 3 4 5 6 7 8 9 10 | 10.6
Armour         | 3 5 7 8 9 11 12 13 | 13.3
Fighting       | 5 6 8 10 11 12 13 | 13.5

Action                   |  1- 3 |  4- 6 |  7- 9 | 10-12 || total
-------------------------+-------+-------+-------+-------++-------
Melee: Hand axe          |    17 |    10 |       |       ||    27
       Broad axe         |       |    16 |    68 |       ||    84
       Battleaxe         |       |       |    18 |    29 ||    47
Invok: Berserk           |     1 |     1 |     3 |     2 ||     7
       Brothers in Arms  |       |       |       |     1 ||     1
  Eat: Chunk             |       |       |     3 |     4 ||     7
Armor: Animal skin       |     3 |     2 |       |       ||     5
       Chain mail        |       |     9 |    49 |    16 ||    74
Dodge: Dodged            |     8 |    20 |    81 |    36 ||   145
